 Dungeon Crawl Stone Soup version 0.22.0 (webtiles) character file.

217 GroovyGamera the Chopper (level 5, -1/48 HPs)
             Began as a Minotaur Berserker on Aug 12, 2018.
             Was a Priest of Trog.
             Succumbed to kobold's curare-tipped needle
             ... on level 3 of the Dungeon.
             The game lasted 00:04:35 (2064 turns).

GroovyGamera the Chopper (Minotaur Berserker)       Turns: 2064, Time: 00:04:35

Health: -1/48      AC:  9    Str: 21    XL:     5   Next: 62%
Magic:  4/4        EV:  8    Int:  4    God:    Trog [***...]
Gold:   61         SH:  0    Dex: 11    Spells: 4/4 levels left

rFire    . . .     SeeInvis .   r - +0 war axe
rCold    . . .     Gourm    .   (no shield)
rNeg     . . .     Faith    .   e - +0 chain mail
rPois    .         Spirit   .   (helmet restricted)
rElec    .         Reflect  .   (no cloak)
rCorr    .         Harm     .   (no gloves)
MR       ++...                  (no boots)
Stlth    ..........             (no amulet)
HPRegen  1.16/turn              (no ring)
MPRegen  0.09/turn              (no ring)

@: lethally poisoned (-1 -> -10), flying, regenerating, slowed, very slow
A: retaliatory headbutt, horns 2
a: Berserk, Trog's Hand, Renounce Religion


You were on level 3 of the Dungeon.
You worshipped Trog.
Trog was most pleased with you.
You were hungry.

You visited 1 branch of the dungeon, and saw 3 of its levels.

You collected 61 gold pieces.

Inventory:

Hand Weapons
 r - a +0 war axe (weapon)
Missiles
 b - 53 bolts
Armour
 e - a +0 chain mail (worn)
Jewellery
 k - an uncursed amulet of rage {unknown}
 q - an uncursed ring of positive energy {unknown}
Wands
 p - a wand of enslavement (15)
Scrolls
 d - a scroll of amnesia {unknown}
 g - 2 scrolls of magic mapping {unknown}
 i - a scroll of identify {unknown}
 l - a scroll of remove curse {unknown}
 m - a scroll of fog {unknown}
Potions
 a - a potion of flight
 h - a potion of agility {unknown}
 j - a potion of curing {unknown}
 n - a potion of haste {unknown}
 o - 3 potions of heal wounds {unknown}
Comestibles
 c - 2 rations
 f - 6 chunks of flesh


   Skills:
 + Level 5.3 Fighting
 + Level 5.3 Axes
 + Level 4.5 Armour
 - Level 2.1 Dodging


You had 4 spell levels left.
You didn't know any spells.
Your spell library was empty.

Dungeon Overview and Level Annotations

Branches:
Dungeon (3/15)

Altars:
Makhleb
Okawaru
Sif Muna


Innate Abilities, Weirdness & Mutations

You reflexively headbutt those who attack you in melee.
You have a pair of horns on your head.


Message History

The gnoll hits you but does no damage.
You barely miss the gnoll.
The gnoll is almost dead.
You feel the effects of Trog's Hand fading.
You feel very sick.
The kobold shoots a curare-tipped needle.
The curare-tipped needle hits you.
You are lethally poisoned!
You have difficulty breathing.
* * * LOW HITPOINT WARNING * * *
You feel as though you will be slow longer.
The gnoll barely misses you. The gnoll closely misses you.
You furiously retaliate!
You headbutt the gnoll.
You kill the gnoll!
Trog accepts your kill. The gnoll barely misses you.
It was a potion of flight.
You feel very buoyant.
You fly up into the air.
You die...

#.....#>##.###.#
##.....)........#
#...........#####
#...>.......#
#......#.#.....
##.##..........#
#..K#####.#......
#.#.#.##
#.####.##.
#.##.##@# #.# .#
#.# #g###)# #.
#.# g# # #K# .#
#.# ## #.


You could see a gnoll and a kobold.

Vanquished Creatures
  An orc priest (D:3)
  An orc wizard (D:3)
  Ijyb (D:3)
  2 adders
  3 gnolls (D:3)
  2 worms (D:2)
  2 dart slugs (D:1)
  2 leopard geckos
  7 orcs (D:3)
  8 bats
  2 giant cockroaches (D:3)
  8 hobgoblins
  4 jackals
  A ball python (D:2)
  4 frilled lizards
  7 goblins
  10 kobolds
  11 rats
76 creatures vanquished.

Notes
Turn   | Place    | Note
-------+----------+-------------------------------------------
     0 | D:1      | GroovyGamera the Minotaur Berserker began the quest for the Orb.
     0 | D:1      | Reached XP level 1. HP: 19/19 MP: 0/0
    96 | D:1      | Reached XP level 2. HP: 27/27 MP: 1/1
   510 | D:1      | Reached ** piety under Trog
   719 | D:1      | Reached XP level 3. HP: 29/33 MP: 2/2
  1420 | D:2      | Reached XP level 4. HP: 37/41 MP: 3/3
  1501 | D:2      | Found a burning altar of Makhleb.
  1687 | D:2      | Found a deep blue altar of Sif Muna.
  1687 | D:2      | Found an iron altar of Okawaru.
  1729 | D:3      | Noticed Ijyb
  1753 | D:3      | Killed Ijyb
  1800 | D:3      | Reached *** piety under Trog
  1824 | D:3      | Reached skill level 5 in Fighting
  1824 | D:3      | Reached skill level 5 in Axes
  1824 | D:3      | Reached XP level 5. HP: 37/48 MP: 4/4
  2063 | D:3      | HP: 1/48 [asphyx]
  2064 | D:3      | Succumbed to kobold's curare-tipped needle

Skill      XL: |  1  2  3  4 |
---------------+-------------+-----
Fighting       | 4 5 |  5.3
Axes           | 4 5 |  5.3
Armour         | 3 4 |  4.5
Dodging        | |  2.1

Action                   |  1- 3 |  4- 6 || total
-------------------------+-------+-------++-------
Melee: Hand axe          |    87 |    43 ||   130
       Headbutt          |    14 |    11 ||    25
       War axe           |       |    26 ||    26
Invok: Trog's Hand       |       |     2 ||     2
  Use: Potion            |       |     1 ||     1
  Eat: Chunk             |     2 |     2 ||     4
Armor: Leather armour    |    21 |     7 ||    28
       Chain mail        |       |    26 ||    26
Dodge: Dodged            |    68 |    54 ||   122
